 Dungeon Crawl Stone Soup version 0.31-a0-986-g5e6e4ef867 (webtiles) character file.

Game seed: 11596975892648504725

451 domi the Jinx (level 6, -1/41 HPs)
             Began as a Vampire Enchanter on Nov 16, 2023.
             Was a Follower of Uskayaw.
             Slain by an ufetubus (4 damage)
             ... on level 4 of the Dungeon.
             The game lasted 00:08:40 (4320 turns).

domi the Jinx (Vampire Enchanter)                   Turns: 4320, Time: 00:08:41

Health: -1/41      AC:  2    Str:  7    XL:     6   Next: 75%
Magic:  5/9        EV: 13    Int: 19    God:    Uskayaw [*.....]
Gold:   185        SH:  0    Dex: 21    Spells: 1/9 levels left

rFire   . . .        r - +1 short sword (freeze)
rCold   . . .        (no shield)
rNeg    . . .        b - +0 robe
rPois   +            (no helmet)
rElec   .            (no cloak)
rCorr   .            (no gloves)
SInv    +            (no boots)
Will    .....        m - amulet of the acrobat
Stlth   +++          i - +6 ring of dexterity
HPRegen 0.46/turn    h - ring of poison resistance {rPois}
MPRegen 0.11/turn

%: acrobat
@: healing quickly
A: alive, fangs 3, see invisible, vampiric 2
a: Exsanguinate, Renounce Religion, Stomp


You were on level 4 of the Dungeon.
You worshipped Uskayaw.
Uskayaw was noncommittal.
You visited 1 branch of the dungeon, and saw 5 of its levels.

You collected 185 gold pieces.

Inventory:

Hand Weapons
 a - a +1 dagger
 r - a +1 short sword of freezing (weapon)
   (You took it off a kobold on level 2 of the Dungeon)
Armour
 b - a +0 robe (worn)
Jewellery
 c - a ring of flight {+Fly, !d}
   (You found it on level 4 of the Dungeon)
 h - a ring of poison resistance (right hand) {rPois}
   (You found it on level 1 of the Dungeon)
 i - a +6 ring of dexterity (left hand)
   (You found it on level 1 of the Dungeon)
 m - an amulet of the acrobat (around neck)
   (You found it on level 1 of the Dungeon)
 o - a ring of positive energy {rN+}
   (You found it on level 1 of the Dungeon)
Wands
 u - a wand of mindburst (8)
   (You found it on level 3 of the Dungeon)
 A - a wand of flame (11)
   (You found it on level 4 of the Dungeon)
Scrolls
 g - a scroll of poison
 j - a scroll of teleportation {unknown}
 k - a scroll of revelation {unknown}
 l - a scroll of vulnerability {unknown}
 q - a scroll of enchant weapon {unknown}
 s - 2 scrolls of identify {unknown}
 v - a scroll of brand weapon {unknown}
 w - a scroll of enchant armour {unknown}
 y - a scroll of acquirement {unknown}
 z - a scroll of amnesia {unknown}
Potions
 e - a potion of brilliance
 f - a potion of lignification {!q!q}
 p - 4 potions of curing {@q1}


   Skills:
 + Level 1.2 Short Blades
 - Level 2.1 Dodging
 * Level 4.8 Stealth
 - Level 2.0 Spellcasting
 - Level 8.2 Hexes
 - Level 4.1 Ice Magic
 + Level 1.7 Invocations


You had one spell level left.
You knew the following spells:

 Your Spells              Type           Power      Damage    Failure   Level
x - Tukima's Dance        Hex            33%        N/A       1%          3
z - Ensorcelled Hibernat  Hex/Ice        50%        N/A       1%          2
Z - Confusing Touch       Hex            33%        N/A       1%          3

Your spell library contained the following spells:

 Spells                   Type           Power      Damage    Failure   Level
 Slow                     Hex            100%       N/A       1%          1
 Sting                    Tmut/Pois      4%         1d3       17%         1
 Sigil of Binding         Hex            33%        N/A       1%          3
 Dazzling Flash           Conj/Hex       34%        N/A       10%         3
 Vampiric Draining        Necr           1%         2d6       45%         3


Dungeon Overview and Level Annotations

Branches:
Dungeon (5/15)
 Temple: D:4-7

Altars:
Cheibriados
Fedhas
Hepliaklqana
Ru
Sif Muna
Uskayaw

Shops:
D:1 =

Annotations:
D:3 2 transporters


Innate Abilities, Weirdness & Mutations

Your natural rate of healing is accelerated.
You have razor-sharp teeth.
You have supernaturally acute eyesight. (SInv)
You are afflicted with vampirism and can become a bat while bloodless.


Message History

Unknown command.
You see here a +0 flail.
You see here a +0 spear.
Press: ? - help, Shift-Dir - straight line, f - gnoll
Aim: a gnoll, wielding a +0 flail (chance to affect: 73%)
You feel a surge of power!
The gnoll struggles to resist.
The gnoll hits you with a +0 flail.
Press: ? - help, Shift-Dir - straight line, f/p - gnoll
Aim: a gnoll, wielding a +0 flail (chance to affect: 73%)
You feel a surge of power!
The gnoll looks drowsy...
The helpless gnoll fails to defend itself.
You puncture the gnoll! You freeze the gnoll.
You kill the gnoll!
You start resting.
You feel a little less clever now.
You now have 185 gold pieces (gained 14).
Things that are here:
3 stones; a gnoll corpse You see here a +0 flail.
You open the door.
Found a shimmering blue altar of Sif Muna and a blossoming altar of Fedhas.
There is an open door here.
There is an open door here.
You see here a +0 flail.
You see here a +0 spear.
You see here a +0 flail.
A ball python comes into view.
The ball python hisses angrily.
You hear a shout!
A ball python is nearby!
A ball python is nearby!
A hobgoblin comes into view.
Press: ? - help, Shift-Dir - straight line, f - ball python
Aim: a ball python (chance to affect: 73%)
The ball python looks drowsy...
The helpless ball python fails to defend itself.
You impale the ball python!! You freeze the ball python.
You kill the ball python!
Press: ? - help, Shift-Dir - straight line, f - hobgoblin
Aim: a hobgoblin (chance to affect: 73%)
The hobgoblin looks drowsy...
The helpless hobgoblin fails to defend itself.
You impale the hobgoblin!! You freeze the hobgoblin.
You kill the hobgoblin!
You see here a ball python corpse.
Things that are here:
a +0 short sword; a +0 chain mail Done exploring.
Done exploring.
Done exploring.
Done exploring.
Done exploring.
There is a stone staircase leading down here.
You climb downwards.
The ufetubus shouts! x2
There is a stone staircase leading up here.
There are monsters nearby!
Press: ? - help, Shift-Dir - straight line, f - orc
Aim: an orc, wielding a +0 hand axe and wearing a +1 leather armour of poison resistance (chance to affect: 73%)
The orc looks drowsy...
The ogre shouts!
The ufetubus slips past you! The ufetubus barely misses you.
The ufetubus hits you.
The helpless orc fails to defend itself.
You puncture the orc! You freeze the orc.
You kill the orc!
The ufetubus hits you. The ufetubus closely misses you.
The ufetubus misses you. The ufetubus hits you. The ufetubus barely misses you.
The ufetubus hits you. The ufetubus barely misses you. x2
The ufetubus slips past you! The ufetubus barely misses you.
The ufetubus hits you.
You climb upwards.
There is a stone staircase leading down here.
Your hands begin to glow red.
The ufetubus closely misses you.
The ufetubus hits you. x2; The ufetubus barely misses you.
You closely miss the ufetubus. The ufetubus barely misses you.
The ufetubus hits you but does no damage.
The ufetubus closely misses you. The ufetubus barely misses you.
You barely miss the ufetubus. You bite the ufetubus.
The ufetubus closely misses you. x2; The ufetubus completely misses you.
The ufetubus hits you but does no damage.
The ufetubus closely misses you. The ufetubus hits you.
The ufetubus barely misses you. The ufetubus hits you.
You hit the ufetubus but do no damage.
The ufetubus appears confused.
The ufetubus closely misses you. The ufetubus hits you.
The ufetubus barely misses you. x2
You hit the ufetubus. The ufetubus hits you. x2
* * * LOW HITPOINT WARNING * * *
The ufetubus barely misses you. The ufetubus hits you.
* * * LOW HITPOINT WARNING * * *
The ufetubus closely misses you. The ufetubus completely misses you.
The ufetubus hits you.
* * * LOW HITPOINT WARNING * * *
The ufetubus misses you.
The air fills with toxic fumes!
As you read the scroll labelled MIOFFA NOUNNO, it crumbles to dust.
It was a scroll of poison.
The ufetubus barely misses the ufetubus.
The ufetubus misses the ufetubus.
The ufetubus slips past you! The ufetubus misses you. The ufetubus hits you.
You die...

##.................#..........###
#...........§§§§§§##§§#..........
###..##.##...§§§§§§#§§##.........
#####.#§§..§§§§§§§§§##.........
#.#..§§§..§§§§§§§§.#.#......<
###...#§§§§##§§§§§§.##.#.......
#.....#§§§§§§§§§§##.........##.
###....§§§§§§5§§###...##.......
###..§§§§§§§@5§##.###.....##.
#...§§§§§§§§.§#....#......#.
##...§§§§§#§§#§§§§...........
##....§§§§.§§§###§##.....###..
##.....#§§##§§####.§§.....)....
##......#§..#####.#..§§..##.....
#....##†§...###......###.####.##
###.#.†...............##.## #.#.
#.#...###..........##...###...


You could see 2 ufetubi.

Vanquished Creatures
  2 scorpions (D:4)
  2 hounds (D:4)
  3 orc wizards
  A mummy (D:3)
  3 gnolls (D:4)
  4 adders
  A worm (D:3)
  2 dart slugs
  11 orcs
  3 bats
  5 endoplasms
  4 giant cockroaches
  5 goblins
  9 hobgoblins
  5 jackals (D:3)
  6 quokkas
  10 ball pythons
  3 frilled lizards (D:3)
  10 kobolds
  11 rats
100 creatures vanquished.

Vanquished Creatures (collateral kills)
  A gnoll (D:4)
1 creature vanquished.

Grand Total: 101 creatures vanquished

Notes
Turn   | Place    | Note
-------+----------+-------------------------------------------
     0 | D:1      | domi the Vampire Enchanter began the quest for the Orb.
     0 | D:1      | Reached XP level 1. HP: 13/13 MP: 3/3
   226 | D:1      | Reached skill level 5 in Hexes
   295 | D:1      | Reached XP level 2. HP: 19/19 MP: 5/5
   312 | D:1      | Learned a level 2 spell: Ensorcelled Hibernation
   557 | D:1      | Found Toerus's One-of-a-Kind Rings.
   746 | D:1      | Reached skill level 1 in Ice Magic
   865 | D:2      | Identified the "Roawu"
   868 | D:2      | Found a faded altar of an unknown god.
   874 | D:2      | Gained mutation: You are afflicted with vampirism and can
                  | become a bat while bloodless. [Vampire growth]
   874 | D:2      | Reached XP level 3. HP: 24/24 MP: 6/6
   878 | D:2      | Learned a level 3 spell: Confusing Touch
  1118 | D:2      | Reached skill level 6 in Hexes
  1452 | D:2      | Found a hazy altar of Hepliaklqana.
  1504 | D:2      | Reached skill level 2 in Ice Magic
  1645 | D:3      | Reached XP level 4. HP: 29/30 MP: 3/7
  1846 | D:3      | Found a sacrificial altar of Ru.
  1867 | D:3      | Found a snail-covered altar of Cheibriados.
  1892 | D:3      | Reached skill level 7 in Hexes
  1892 | D:3      | Reached XP level 5. HP: 16/35 MP: 5/8
  1896 | D:3      | Learned a level 3 spell: Tukima's Dance
  2165 | D:3      | Identified the +5 halberd "Tuid" {vamp, rElec rPois}
  2240 | D:3      | Found a transporter.
  2241 | D:3      | Found a transporter.
  2682 | D:3      | Reached skill level 3 in Ice Magic
  3412 | D:4      | Found a hide-covered altar of Uskayaw.
  3429 | D:4      | Became a worshipper of Uskayaw the Reveller
  3498 | D:4      | Reached * piety under Uskayaw
  3505 | D:4      | Reached ** piety under Uskayaw
  3509 | D:4      | Reached *** piety under Uskayaw
  3510 | D:4      | Reached XP level 6. HP: 13/41 MP: 2/9
  3545 | D:4      | Reached skill level 1 in Invocations
  3643 | D:4      | Reached skill level 8 in Hexes
  3647 | D:4      | Reached skill level 4 in Ice Magic
  4162 | D:4      | Found a shimmering blue altar of Sif Muna.
  4162 | D:4      | Found a blossoming altar of Fedhas.
  4309 | D:5      | Entered Level 5 of the Dungeon
  4319 | D:4      | HP: 7/41 [ufetubus (5)]
  4319 | D:4      | HP: 3/41 [ufetubus (4)]
  4320 | D:4      | Slain by an ufetubus

Illustrated notes

Levels and vault maps discovered:
D:1:      minmay_arrival_solitary_statue, layout_loops_corners,
          nicolae_shop_unique_rings
D:2:      layout_basic, shapermc_ecumenical_altar_rom_forum, basic_altar,
          glass_columns_b, kennysheep_generic_room_14
D:3:      minmay_razor_zed, layout_basic, mainiacjoe_overflow_tiny_flanked,
          slow_altar_1, gammafunk_ghost_gnarly_gnolls
D:4:      layout_cave_pools, nicolae_uskayaw_dance_hall,
          gammafunk_temple_overflow_elements, minmay_pentangle
D:5:      layout_gridville, nicolae_vehumet_altar_sigil,
          lemuel_temple_firewalk_b

Skill      XL: |  1  2  3  4  5  6 |
---------------+-------------------+-----
Hexes          | 5 6 7 8 |  8.2
Ice Magic      | 1 2 3 4 |  4.1
Invocations    | 1 |  1.7
Short Blades   | |  1.2
Dodging        | |  2.1
Stealth        | |  4.8
Spellcasting   | |  2.0

Action                     |  1- 3 |  4- 6 || total
---------------------------+-------+-------++-------
  Melee: Dagger            |    57 |       ||    57
         Bite              |     6 |    18 ||    24
         Short sword       |    24 |   176 ||   200
         Punch             |       |     1 ||     1
   Cast: Ensorcelled Hiber |    12 |    18 ||    30
         Confusing Touch   |       |     2 ||     2
         Tukima's Dance    |       |     3 ||     3
    Use: Potion            |       |     7 ||     7
         Scroll            |       |     3 ||     3
   Stab: Sleeping          |    24 |    18 ||    42
         Invisible         |       |     2 ||     2
 Armour: Robe              |    20 |    89 ||   109
         Skin              |       |     3 ||     3
  Dodge: Dodged            |    44 |   153 ||   197

Table legend: (Time is in decaauts)
 A = Elapsed time spent in this place.
 B = Non-inter-level travel time spent in this place.
 C = Inter-level travel time spent in this place.
 D = Time resting spent in this place.
 E = Time spent auto-exploring this place.
 F = Levels seen in this place.
 G = Mean time per level.
                   A        B        C        D        E       F      G
               +--------+--------+--------+--------+--------+-----+--------+
         Total |   4305 |   4138 |    167 |     58 |   3376 |   5 |  861.0 |
       Dungeon |   4305 |   4138 |    167 |     58 |   3376 |   5 |  861.0 |
               +--------+--------+--------+--------+--------+-----+--------+

Top non-repeatable levels by time:
     D:3: 1731 daAuts
     D:4: 960 daAuts
     D:1: 862 daAuts
     D:2: 746 daAuts
     D:5: 4 daAuts

Levels and vault maps discovered:
D:1:      minmay_arrival_solitary_statue, layout_loops_corners,
          nicolae_shop_unique_rings
D:2:      layout_basic, shapermc_ecumenical_altar_rom_forum, basic_altar,
          glass_columns_b, kennysheep_generic_room_14
D:3:      minmay_razor_zed, layout_basic, mainiacjoe_overflow_tiny_flanked,
          slow_altar_1, gammafunk_ghost_gnarly_gnolls
D:4:      layout_cave_pools, nicolae_uskayaw_dance_hall,
          gammafunk_temple_overflow_elements, minmay_pentangle
D:5:      layout_gridville, nicolae_vehumet_altar_sigil,
          lemuel_temple_firewalk_b

Table legend: (Time is in decaauts)
 A = Elapsed time spent in this place.
 B = Non-inter-level travel time spent in this place.
 C = Inter-level travel time spent in this place.
 D = Time resting spent in this place.
 E = Time spent auto-exploring this place.
 F = Levels seen in this place.
 G = Mean time per level.
                   A        B        C        D        E       F      G
               +--------+--------+--------+--------+--------+-----+--------+
         Total |   4305 |   4138 |    167 |     58 |   3376 |   5 |  861.0 |
       Dungeon |   4305 |   4138 |    167 |     58 |   3376 |   5 |  861.0 |
               +--------+--------+--------+--------+--------+-----+--------+

Top non-repeatable levels by time:
     D:3: 1731 daAuts
     D:4: 960 daAuts
     D:1: 862 daAuts
     D:2: 746 daAuts
     D:5: 4 daAuts

Table legend:
 A = Kills in this place as a percentage of kills in the entire game.
 B = Kills by you in this place as a percentage of kills by you in the entire game.
 C = Kills by friends in this place as a percentage of kills by friends in the entire game.
 D = Other kills in this place as a percentage of other kills in the entire game.
 E = Experience gained in this place as a percentage of experience gained in the entire game.
 F = Experience gained in this place divided by the number of levels of this place that you have seen.
                   A       B       C       D       E      F
               +-------+-------+-------+-------+-------+----------------------
         Total | 100.0 | 100.0 | 100.0 |   N/A | 100.0 | 129.0
       Dungeon | 100.0 | 100.0 | 100.0 |   N/A | 100.0 | 129.0
               +-------+-------+-------+-------+-------+----------------------
